Map: Pylon LE

Players

llIIlIIllIII - Winner!

  • Race: Zerg Zerg
  • Spawn Location: 5:00

Erik

  • Race: Zerg Zerg
  • League: Grandmaster
  • Spawn Location: 11:00

VOD

Have the link to the VOD?

Description

Erik went for a 3 hatch / 2 base roach timing attack with the 3rd hatch in the wall. This gives you the advantage of having a nice large wall as well as a larva advantage.

Time

  • Played on: June 20, 2025, 12:12 p.m.
  • Length: 11:01
Show
View Real Time Build Order
Export as new Build Order

llIIlIIllIII Zerg - Winner!

Build Orders: Hatch First 

Get SALT Encoding   

  12  0:00  Drone  
  13  0:08  Drone  
  14  0:14  Drone, Extractor  
  15  0:21  Overlord  
  15  0:39  Drone  
  16  0:44  Hatchery  
  16  0:48  Drone  
  16  0:52  Drone  
  16  0:55  Drone  
  18  1:05  Extractor  
  18  1:10  Spawning Pool  
  16  1:13  Drone  
  16  1:16  Drone  
  18  1:27  Drone  
  19  1:38  Drone  
  20  1:49  Drone  
  21  1:57  Queen x2, Drone  
  21  1:58  Overlord  
  26  2:07  Drone  
  27  2:09  Metabolic Boost  
  27  2:10  Drone  
  28  2:18  Drone  
  30  2:22  Zergling x2  
  30  2:29  Drone  
  31  2:32  Drone  
  31  2:35  Hatchery  
  31  2:39  Drone  
  31  2:42  Overlord  
  32  2:49  Queen  
  34  2:55  Drone x2  
  36  3:02  Overlord  
  36  3:04  Drone x3  
  39  3:06  Drone x2  
  39  3:09  Drone  
  39  3:11  Drone  
  44  3:12  Drone  
  44  3:19  Roach Warren  
  43  3:21  Drone  
  43  3:24  Extractor  
  43  3:27  Drone  
  43  3:30  Drone  
  45  3:36  Drone x6  
  45  3:38  Zergling x2  
  52  3:44  Overlord  
  52  3:49  Evolution Chamber  
  52  3:52  Overlord  
  52  3:54  Zergling x4  
  52  3:58  Spine Crawler  
  52  3:59  Roach  
  52  4:00  Roach  
  55  4:04  Roach  
  55  4:08  Roach x3  
  63  4:11  Roach x2  
  63  4:13  Zergling x2  
  63  4:15  Overlord  
  68  4:19  Roach  
  68  4:20  Zergling x2  
  70  4:25  Roach x2  
  70  4:30  Extractor  
  73  4:33  Zergling x2  
  73  4:39  Roach  
  73  4:40  Roach x3  
  81  4:46  Overlord  
  81  4:51  Overlord  
  81  4:58  Lair  
  81  5:00  Hatchery  
  81  5:03  Overlord  
  81  5:05  Drone x4  
  84  5:09  Zerg Missile Weapons Level 1  
  84  5:12  Drone x2  
  82  5:17  Drone x3  
  82  5:20  Hatchery  
  85  5:23  Extractor  
  85  5:25  Roach  
  86  5:31  Roach  
  86  5:33  Roach x3  
  92  5:36  Roach x2  
  95  5:44  Overlord  
  95  5:45  Roach  
  95  5:46  Roach  
  95  5:48  Overlord  
  99  5:54  Spine Crawler  
  98  5:58  Overlord  
  98  6:01  Overlord  
  98  6:11  Roach x5  
  107  6:18  Roach Warren  
  107  6:20  Roach  
  107  6:22  Roach  
  110  6:27  Roach  
  110  6:28  Roach x2  
  113  6:33  Overseer  
  113  6:37  Hydralisk Den  
  112  6:43  Hatchery  
  109  6:49  Drone  
  109  6:50  Drone  
  109  6:53  Overlord x2  
  111  6:54  Overlord  
  111  6:57  Glial Reconstitution  
  111  6:59  Roach x3  
  117  7:07  Hydralisk x4  
  125  7:10  Spore Crawler  
  125  7:12  Hydralisk  
  126  7:17  Infestation Pit  
  126  7:19  Spore Crawler  
  124  7:23  Drone  
  124  7:26  Muscular Augments  
  124  7:29  Hydralisk, Spore Crawler  
  126  7:39  Hydralisk x3  
  126  7:43  Overlord  
  132  7:56  Overlord  
  132  8:01  Queen  
  132  8:02  Overlord  
  132  8:05  Overlord, Spore Crawler  
  133  8:13  Infestor  
  133  8:14  Infestor  
  133  8:18  Drone x3  
  138  8:23  Drone x3  
  141  8:27  Hydralisk  
  143  8:36  Hydralisk x3  
  147  8:43  Hydralisk  
  147  8:44  Roach  
  147  8:45  Drone  
  153  8:48  Roach  
  153  8:55  Roach x2  
  156  8:57  Drone  
  156  9:00  Hydralisk  
  156  9:01  Extractor  
  158  9:12  Roach x2  
  158  9:16  Roach x2  
  150  9:26  Roach x2  
  149  9:34  Spore Crawler  
  126  9:46  Spore Crawler x2  
  126  9:50  Spore Crawler  
  107  9:54  Infestor x2, Spore Crawler  
  104  10:13  Spore Crawler  
  104  10:14  Drone  
  104  10:16  Spore Crawler  
  98  10:36  Hydralisk x2  
  102  10:43  Drone x6  
Show
View Real Time Build Order
Export as new Build Order

Erik Zerg 

Build Orders: Hatch First 

Get SALT Encoding   

  12  0:02  Drone  
  13  0:09  Drone  
  14  0:16  Extractor  
  14  0:17  Drone  
  15  0:22  Overlord  
  15  0:41  Drone  
  16  0:46  Hatchery  
  15  0:50  Drone  
  16  1:05  Spawning Pool  
  16  1:07  Drone  
  16  1:10  Drone  
  17  1:14  Drone  
  17  1:18  Drone  
  19  1:36  Hatchery  
  19  1:38  Drone  
  19  1:41  Drone  
  20  1:51  Queen  
  20  1:53  Extractor  
  21  1:57  Drone  
  22  2:01  Zergling x2  
  22  2:05  Overlord  
  23  2:09  Drone  
  23  2:12  Drone  
  25  2:19  Drone  
  26  2:23  Drone  
  27  2:30  Queen, Drone  
  27  2:34  Drone  
  31  2:39  Extractor  
  31  2:41  Drone  
  31  2:46  Drone  
  31  2:49  Roach Warren  
  31  2:50  Drone  
  31  2:53  Drone  
  31  2:55  Drone  
  33  3:00  Drone x2  
  33  3:02  Drone  
  36  3:06  Metabolic Boost  
  36  3:14  Overlord  
  36  3:23  Overlord  
  36  3:29  Roach x2  
  36  3:31  Roach  
  36  3:32  Roach x2  
  46  3:35  Roach  
  46  3:41  Roach  
  50  3:42  Roach  
  50  3:45  Overlord  
  52  3:55  Zergling x10  
  57  4:03  Zergling x2  
  57  4:04  Zergling x6  
  57  4:09  Evolution Chamber  
  60  4:13  Zergling x8  
  64  4:24  Lair  
  64  4:26  Zergling x4  
  64  4:29  Overlord  
  64  4:43  Drone x3  
  64  4:49  Drone x7  
  70  4:53  Ravager x3  
  70  4:54  Extractor  
  70  4:57  Extractor  
  71  5:04  Overlord x2  
  71  5:06  Evolution Chamber  
  68  5:19  Zergling x2  
  68  5:20  Zergling x14  
  72  5:28  Spire  
  72  5:33  Zergling x10  
  77  5:40  Queen  
  77  5:52  Zergling x12  
  77  5:54  Zerg Melee Weapons Level 1  
  76  6:26  Zergling x2  
  76  6:27  Zergling x20  
  77  6:41  Mutalisk x4  
  85  6:47  Mutalisk x2  
  85  6:51  Zerg Flyer Weapons Level 1  
  89  6:56  Overlord  
  89  6:57  Overlord  
  89  7:15  Hatchery  
  88  7:18  Mutalisk  
  88  7:19  Mutalisk x2  
  88  7:21  Drone x2  
  96  7:26  Drone x2  
  96  7:27  Drone  
  99  7:30  Drone  
  100  7:41  Baneling Nest  
  100  7:42  Drone x4  
  103  7:51  Glial Reconstitution  
  103  7:56  Zerg Missile Weapons Level 1  
  103  8:01  Mutalisk  
  103  8:05  Overlord x3  
  105  8:24  Mutalisk x4  
  113  8:31  Drone x5  
  116  8:38  Drone x7  
  123  8:41  Centrifugal Hooks  
  123  8:56  Zergling x20  
  133  9:09  Mutalisk  
  125  9:21  Baneling x6  
  120  9:31  Mutalisk x4  
  88  9:47  Zergling x18  
  47  10:11  Mutalisk x2  
  49  10:14  Extractor  
  49  10:15  Spawning Pool, Extractor  
  35  10:28  Drone  
Tags
 
Matchup
ZvZ
Player
Erik
Race
Zerg
Spawn Locations
Cross Positions
Add a new tag
Caveats
  • Supply blocks, unpowered buildings, or Contaminate may cause inaccurate times.
  • Supply counts are checked every 10 seconds.